 Dungeon Crawl Stone Soup version 0.17-a0-2147-gfb20a63 (webtiles) character file.

5219 M4edhros the Covert (level 10, -8/63 HPs)
             Began as an Octopode Artificer on Oct 24, 2015.
             Was an Initiate of Gozag.
             Mangled by a green ugly thing (16 damage)
             ... on level 10 of the Dungeon.
             The game lasted 00:33:04 (10601 turns).

M4edhros the Covert (Octopode Artificer)           Turns: 10601, Time: 00:33:05

Health: -8/63      AC:  3    Str: 10      XL:     10   Next: 61%
Magic:  16/16      EV: 15    Int: 14 (15) God:    Gozag
Gold:   543        SH: 10    Dex: 13 (16) Spells: 0 memorised, 9 levels left

rFire  . . .     SeeInvis .     g - +5 dagger of Arbitration {holy, +Blink}
rCold  . . .     Rnd*Rage +     u - +0 shield
rNeg   . . .     SustAt   .     M - +2 hat
rPois  .         Gourm    .     o - amulet of faith
rElec  .         Spirit   .     R - ring of protection from magic
rCorr  .         Warding  .     (no ring)
rMut   .         Stasis   .     (no ring)
MR     +....                    (no ring)
Stlth  ++++++....               (no ring)
                                (no ring)
                                (no ring)
                                (no ring)

@: lethally poisoned (-8 -> -30), somewhat resistant to hostile enchantments,
very stealthy
A: almost no armour, amphibious, 8 rings, constrict 8, repulsion field 1,
camouflage 1, berserk 1, deterioration 1, spit poison 1, gelatinous body 1
a: Spit Poison, Potion Petition, Call Merchant, Bribe Branch, Renounce Religion,
Evoke Blink


You were on level 10 of the Dungeon.
You worshipped Gozag.
Gozag was noncommittal.
You were near starving.

You visited 1 branch of the dungeon, and saw 10 of its levels.
You also visited: Ossuary.

You collected 2060 gold pieces.
You spent 238 gold pieces at shops.
You paid 1279 gold pieces to Gozag.

Inventory:

Hand Weapons
 g - the +5 dagger of Arbitration (weapon) {holy, +Blink}
   (You bought it in a shop on level 10 of the Dungeon)

   It has been blessed by the Shining One to cause great damage to the undead
   and demons.
   It lets you blink.
 x - a +0 hunting sling
 E - a +2 hunting sling of freezing
Missiles
 f - 23 sling bullets
 y - 129 stones (quivered)
Armour
 u - a +0 shield (worn)
 M - a +2 hat (worn)
Jewellery
 o - an amulet of faith (around mantle)
 C - an uncursed ring of teleportation
 O - an uncursed amulet of warding
 P - an uncursed amulet of clarity
 R - a ring of protection from magic (left tentacle)
Wands
 b - a wand of confusion (13)
 c - a wand of enslavement (19)
 d - a wand of random effects (4)
 p - a wand of disintegration (8)
 Y - a wand of paralysis (17)
Scrolls
 l - 4 scrolls of recharging
 n - 5 scrolls of remove curse
 w - 7 scrolls of teleportation
 B - 4 scrolls of magic mapping
 K - a scroll of fear
 L - 3 scrolls of fog
 U - a scroll of torment
 W - a scroll of immolation
 X - a scroll of blinking
 Z - a scroll of enchant armour
Potions
 a - a potion of invisibility
 q - a potion of berserk rage
 r - 3 potions of agility
 s - 4 potions of might
 G - 2 potions of lignification
Books
 v - a book of Frost

   Spells                             Type                      Level
   a - Freeze                         Ice                          1
   b - Throw Frost                    Conjuration/Ice              2
   c - Ozocubu's Armour               Charms/Ice                   3
   d - Throw Icicle                   Conjuration/Ice              4
   e - Summon Ice Beast               Ice/Summoning                4
   f - Condensation Shield            Ice                          4
Miscellaneous
 H - a lantern of shadows
Comestibles
 e - 3 bread rations
 m - a royal jelly
 J - 9 fruits
 V - 7 slices of pizza


   Skills:
 - Level 3.1 Fighting
 - Level 1.0 Short Blades
 * Level 7.1 Slings
 + Level 5.8 Dodging
 + Level 9.0 Stealth
 * Level 7.7 Shields
 + Level 8.2 Evocations


You had 9 spell levels left.
You didn't know any spells.

Dungeon Overview and Level Annotations

Branches:
Dungeon (10/15)            Temple (0/1) D:7            Lair (0/8) D:10
    Orc: D:9-12

Altars:
Ashenzari
Dithmenos
Elyvilon
Fedhas
Gozag
Kikubaaqudgha
Makhleb
Nemelex Xobeh
Qazlal
Ru
Trog
Vehumet
Yredelemnul

Shops:
D:8 [   D:10 (

Annotations:
D:5 nublet's ghost, novice MiGl


Innate Abilities, Weirdness & Mutations

You cannot wear most types of armour.
You are amphibious.
You can wear up to eight rings at the same time.
You can use your tentacles to constrict eight enemies at once.
Your skin changes colour to match your surroundings (Stealth).
Your rubbery body absorbs attacks (AC +1).
You are surrounded by a mild repulsion field (EV +2).
You tend to lose your temper in combat.
Your body sometimes deteriorates upon taking damage.
You can spit weak poison.


Message History

The green ugly thing poisons you!
Drink which item? (? for menu, Esc to quit)
You feel better.
You constrict the green ugly thing. The green ugly thing trunk-slaps you!
* * * LOW HITPOINT WARNING * * *
Your body deteriorates!
You feel dopey.
You are lethally poisoned!
The green ugly thing poisons you!
Evoke which item? (* to show all) (? for menu, Esc to quit)
Zapping:
p - a wand of disintegration {zapped: 3} (will waste charges)
Press: ? - help, Shift-Dir - straight line, f/p - green ugly thing
Aim: a green ugly thing (almost dead, constricted by you, chance to defeat MR: 71%)
The green ugly thing struggles to resist.
Evoking this partially-identified wand wasted a few charges.
You constrict the green ugly thing.
* * * LOW HITPOINT WARNING * * *
You feel very sick. The green ugly thing trunk-slaps you!
You die...
Your body crumbles into a pile of gold.

........#..#
........#..#..........?
........#..#..........
...........#.........
...........# ..(.... ...........#
.(... ...........# .(.
........##+#####u################
........#.......@∩.)......'......
.......)..................#......
.....))).≈≈§.....################
........≈≈≈§≈≈.#+#.............#.
..>.....≈§§≈≈§...#.........)...#.
.......≈≈.>.≈≈...#.............#.
.......§§.§≈≈≈.§.#.............#.
>......≈§≈≈≈≈..#+#.#########..###
........§≈.....#...#.............


You could see a green ugly thing.

Vanquished Creatures
  Pikel (D:7)
  A fire drake (D:10)
  Sigmund (D:2)
  A spriggan (D:8)
  A hippogriff (D:7)
  A hungry ghost (D:7)
  Menkaure (D:5)
  A water moccasin (D:5)
  4 orc warriors
  A black bear (D:7)
  3 eyes of draining (D:6)
  3 phantoms
  2 ice beasts
  4 ogres
  4 sky beasts
  5 centaurs
  2 giant frogs
  An elf zombie (Ossuary)
  A water moccasin zombie (D:8)
  A big kobold (D:6)
  2 scorpions
  A crimson imp (D:10)
  2 centaur zombies
  2 hounds
  A giant frog zombie (D:7)
  A jelly (D:9)
  6 orc wizards
  2 giant frog skeletons
  3 orc priests (D:8)
  A gnoll shaman (D:6)
  An iguana (D:6)
  5 worker ants
  2 big kobold zombies (Ossuary)
  2 mummies (Ossuary)
  A hound skeleton (D:10)
  A worker ant zombie (D:6)
  9 adders
  9 gnolls
  2 shadow imps (D:5)
  2 oozes
  2 adder skeletons
  5 giant geckos
  36 orcs
  A ball python (D:5)
  6 giant cockroaches
  11 goblins
  10 hobgoblins
  6 quokkas
  11 bats
  5 giant newts
  4 goblin zombies
  9 hobgoblin zombies (Ossuary)
  7 jackals
  A jackal skeleton (D:5)
  A jackal zombie (Ossuary)
  6 kobolds
  15 kobold zombies (Ossuary)
  2 orc zombies (Ossuary)
  A quokka zombie (D:9)
  10 rats
  A rat zombie (Ossuary)
244 creatures vanquished.

Vanquished Creatures (collateral kills)
  An orc wizard (D:7)
  An adder zombie (Ossuary)
  A jackal zombie (Ossuary)
3 creatures vanquished.

Vanquished Creatures (others)
  4 slaves (D:7)
  A giant frog (D:7)
  A centaur zombie (Ossuary)
  An orc wizard (D:7)
  An adder skeleton (D:7)
  4 orcs
  A ball python (D:7)
13 creatures vanquished.

Grand Total: 260 creatures vanquished

Notes
Turn   | Place    | Note
--------------------------------------------------------------
     0 | D:1      | M4edhros the Octopode Artificer began the quest for the Orb.
     0 | D:1      | Reached XP level 1. HP: 13/13 MP: 3/3
   400 | D:2      | Reached XP level 2. HP: 16/18 MP: 4/4
   408 | D:1      | Reached skill level 4 in Evocations
   489 | D:2      | Found a white marble altar of Elyvilon.
   816 | D:2      | Reached XP level 3. HP: 21/23 MP: 6/6
  1022 | D:3      | Reached XP level 4. HP: 21/28 MP: 7/7
  1206 | D:4      | Reached skill level 5 in Evocations
  1287 | D:4      | Found an opulent altar of Gozag.
  1288 | D:4      | Found a sparkling altar of Nemelex Xobeh.
  1293 | D:4      | Became a worshipper of Gozag Ym Sagoz the Greedy
  1451 | D:4      | Reached XP level 5. HP: 29/33 MP: 8/8
  1521 | D:4      | Found a sand-covered staircase.
  1544 | Ossuary  | Entered an ossuary
  1797 | Ossuary  | Reached skill level 5 in Stealth
  1797 | Ossuary  | Reached XP level 6. HP: 17/38 MP: 10/10
  2731 | D:2      | Noticed Sigmund
  2745 | D:2      | Killed Sigmund
  2745 | D:2      | Reached skill level 1 in Slings
  2745 | D:2      | Reached skill level 1 in Shields
  2745 | D:2      | Reached XP level 7. HP: 36/45 MP: 11/11
  3688 | D:3      | Reached skill level 6 in Stealth
  3905 | D:3      | Found a blossoming altar of Fedhas.
  4021 | D:3      | Found a faded altar to an unknown god.
  4099 | D:3      | Found a sacrificial altar of Ru.
  4099 | D:3      | Found an ancient bone altar of Kikubaaqudgha.
  4587 | D:4      | Noticed an ogre
  4594 | D:4      | Killed an ogre
  4610 | D:4      | Found a radiant altar of Vehumet.
  5064 | D:5      | Entered Level 5 of the Dungeon
  5255 | D:5      | Noticed nublet's ghost (novice MiGl)
  5279 | D:5      | Reached XP level 8. HP: 30/52 MP: 12/12
  5892 | D:5      | Noticed Menkaure
  6243 | D:5      | Killed Menkaure
  6243 | D:5      | Reached skill level 7 in Stealth
  6467 | D:6      | Got a jewelled morningstar
  6468 | D:6      | Identified the cursed +0 morningstar of Hounk {crush, rElec MR+ Int+3} (You found it on level 6 of the Dungeon)
  6652 | D:6      | Reached XP level 9. HP: 31/56 MP: 14/14
  6862 | D:6      | Reached skill level 5 in Shields
  6909 | D:6      | Found a bloodstained altar of Trog.
  7102 | D:6      | Found a burning altar of Makhleb.
  7376 | D:7      | Reached skill level 5 in Slings
  7379 | D:7      | Noticed Pikel
  7391 | D:7      | Killed Pikel
  7391 | D:7      | Reached skill level 8 in Stealth
  7400 | D:7      | Reached skill level 5 in Dodging
  7713 | D:7      | Found a basalt altar of Yredelemnul.
  7844 | D:7      | Found a staircase to the Ecumenical Temple.
  8116 | D:7      | Reached XP level 10. HP: 38/63 MP: 15/15
  8591 | D:7      | Found a shadowy altar of Dithmenos.
  8994 | D:8      | Found Zaesch's Armour Emporium.
  9755 | D:9      | Found a stormy altar of Qazlal.
  9854 | D:9      | Found a shattered altar of Ashenzari.
  9902 | D:10     | Entered Level 10 of the Dungeon
 10073 | D:10     | Gained mutation: You tend to lose your temper in combat. [potion of mutation]
 10073 | D:10     | Gained mutation: You are surrounded by a mild repulsion field (EV +2). [potion of mutation]
 10073 | D:10     | Gained mutation: Your body sometimes deteriorates upon taking damage. [potion of mutation]
 10090 | D:10     | Gained mutation: You can spit weak poison. [potion of beneficial mutation]
 10160 | D:10     | Found Xoutzaho's Antique Weapon Boutique.
 10167 | D:10     | Found a staircase to the Lair.
 10168 | D:10     | Bought a faintly glowing dagger for 238 gold pieces
 10170 | D:10     | Identified the +5 dagger of Arbitration {holy, +Blink} (You bought it in a shop on level 10 of the Dungeon)
 10190 | D:10     | HP: 1/63 [fire drake (5)]
 10317 | D:10     | Reached skill level 9 in Stealth
 10586 | D:10     | Noticed a green ugly thing
 10601 | D:10     | Mangled by a green ugly thing

Vault maps used:
D:1:      mrwooster_arrival_arrow
D:2:      first_bread, minmay_misc_feat_x, elyvilon_altar_1, uniq_sigmund
D:3:      fedhas_altar_fruit_tree, grunt_temple_overflow_open,
          ecumenical_altar_1, serial_aquarium, aquarium_bridge_square,
          aquarium_bridge_long_joined, aquarium_window_fake,
          aquarium_window_double, aquarium_view_2c, aquarium_balcony_3a,
          aquarium_pool_2, serial_bayou_pond_e
D:4:      grunt_temple_overflow_opulence, lemuel_coloured_pillars_altar,
          enter_ossuary_4
D:5:      eino_curves_04, kennysheep_doodads, uniq_crazy_yiuf_cottage,
          uniq_menkaure
D:6:      lightli_temple_of_fire, trog_eyes_of_draining
D:7:      grunt_dithmenos_shadows, lemuel_doored_altar,
          minmay_temple_entry_statues, uniq_pikel
D:8:      grunt_pizzeria
D:9:      ashenzari_altar_1, nicolae_qazlal_style_of_elements
D:10:     minmay_lair_entry_lava, uniq_josephine
Ossuary:  ossuary_tomb_1

Action                   |  1- 3 |  4- 6 |  7- 9 | 10-12 || total
-------------------------+-------+-------+-------+-------++-------
Melee: Short sword       |    54 |   122 |    98 |    37 ||   311
       Dagger            |       |       |       |     8 ||     8
       Hunting sling     |       |       |       |     1 ||     1
 Fire: Hunting sling     |       |       |   315 |   306 ||   621
Invok: Call Merchant     |       |       |       |     2 ||     2
Evoke: Wand              |     8 |     6 |    12 |     5 ||    31
  Use: Potion            |       |     3 |     2 |    16 ||    21
       Scroll            |       |       |    14 |     5 ||    19
 Stab: Sleeping          |     5 |    13 |    10 |     1 ||    29
       Paralysed         |       |     3 |       |       ||     3
  Eat: Chunk             |       |     1 |       |       ||     1
       Meat ration       |       |     1 |       |       ||     1
       Bread ration      |       |       |     4 |     1 ||     5
       Pizza             |       |       |       |     1 ||     1
       Beef jerky        |       |       |       |     1 ||     1
